 Dungeon Crawl Stone Soup version 0.24-a0-201-gf205589 (webtiles) character file.

Game seed: 16377716892773325834

19541 Borgoz the Slicer (level 12, -3/73 HPs)
             Began as a Gargoyle Gladiator on Mar 24, 2019.
             Was a Believer of Ashenzari.
             Killed from afar by Erolcha (38 damage)
             ... with a crystal spear
             ... on level 12 of the Dungeon.
             The game lasted 00:37:41 (15370 turns).

Borgoz the Slicer (Gargoyle Gladiator)             Turns: 15370, Time: 00:37:41

Health: -3/73      AC: 29    Str: 19    XL:     12   Next: 70%
Magic:  20/20      EV: 17    Int: 11    God:    Ashenzari [**....]
Gold:   186        SH:  0    Dex: 17    Spells: 22/22 levels left

rFire    + . .     SeeInvis .   J - +2 rapier (flame)
rCold    + . .     Gourm    .   (no shield)
rNeg     + . .     Faith    .   L - +9 ring mail of Symaxt {rF+ rC+ rCorr Stlth-}
rPois    ∞         Spirit   .   x - +2 helmet (curse)
rElec    +         Reflect  .   E - +0 cloak
rCorr    +         Harm     .   (no gloves)
MR       +....                  (no boots)
Stlth    ++........             (no amulet)
HPRegen  0.22/turn              i - ring of protection from magic
MPRegen  0.17/turn              M - +4 ring of dexterity

@: no status effects
A: negative energy resistance 1, electricity resistance, unbreathing,
petrification resistance, rot immunity, AC +8
a: Curse Item, Scrying, Renounce Religion


You were on level 12 of the Dungeon.
You worshipped Ashenzari.
Ashenzari was pleased with you.
You were not hungry.

You visited 3 branches of the dungeon, and saw 14 of its levels.
You also visited: Sewer.

You collected 558 gold pieces.
You spent 372 gold pieces at shops.

Inventory:

Hand Weapons
 a - a +2 short sword of draining
 b - a +0 blowgun
 k - a cursed +4 dagger
 J - a +2 rapier of flaming (weapon)
Missiles
 d - 3 throwing nets (quivered)
 j - 65 poisoned needles
 v - 21 tomahawks
Armour
 u - a +0 leather armour of fire resistance
 x - a cursed +2 helmet (worn)
 E - a +0 cloak (worn)
 F - a +0 troll leather armour
 L - the +9 ring mail of Symaxt (worn) {rF+ rC+ rCorr Stlth-}
   (You bought it in a shop on level 11 of the Dungeon)

   It protects you from fire.
   It protects you from cold.
   It provides partial protection from all sources of acid and corrosion.
   It makes you less stealthy.
Jewellery
 i - a ring of protection from magic (left hand)
 z - a +3 ring of dexterity
 M - a +4 ring of dexterity (right hand)
 N - a +2 ring of strength
Wands
 c - a wand of flame (37)
 y - a wand of random effects (18)
 A - a wand of disintegration (17)
 G - a wand of digging (9)
 I - a wand of polymorph (16)
Scrolls
 e - 8 scrolls of teleportation
 l - 5 scrolls of amnesia
 m - a scroll of blinking
 n - 7 scrolls of fog
 p - a scroll of remove curse
 q - 4 scrolls of fear
 t - 2 scrolls of magic mapping
 w - 4 scrolls of enchant armour
Potions
 h - a potion of brilliance
 o - 3 potions of magic
 r - 2 potions of heal wounds
 s - 3 potions of haste
 B - 4 potions of flight
 C - a potion of resistance {unknown}
 D - 2 potions of curing
 H - 2 potions of berserk rage {unknown}
 K - a potion of lignification {unknown}
Comestibles
 f - 22 rations


   Skills:
 + Level 7.8 Fighting
 * Level 9.4 Short Blades
 - Level 5.2 Throwing
 + Level 7.4 Armour
 * Level 8.6 Dodging
 + Level 8.1 Stealth
 + Level 5.9 Spellcasting
 - Level 5.0 Evocations


You had 22 spell levels left.
You didn't know any spells.
Your spell library contained the following spells:

 Spells                   Type           Power        Failure   Level  Hunger
 Animate Skeleton         Necr           N/A          32%         1    None
 Apportation              Tloc           #.....       32%         1    None
 Confusing Touch          Hex            #.....       32%         1    None
 Sandblast                Erth           #.....       32%         1    None
 Summon Small Mammal      Summ           #...         32%         1    None
 Passwall                 Tmut/Erth      #.......     43%         2    ##.....
 Stone Arrow              Conj/Erth      #.....       67%         3    ###....
 Petrify                  Tmut/Erth      #.......     97%         4    ####...
 Lee's Rapid Deconstruct  Erth           #.........   100%        5    ######.


Dungeon Overview and Level Annotations

Branches:
Dungeon (12/15)            Temple (1/1) D:7            Lair (1/6) D:9
    Orc (0/2) D:11

Altars:
Ashenzari
Cheibriados
Dithmenos
Elyvilon
Fedhas
Gozag
Hepliaklqana
Kikubaaqudgha
Makhleb
Nemelex Xobeh
Okawaru
Qazlal
Ru
Sif Muna
Trog
Uskayaw
Vehumet
Wu Jian
Xom
Yredelemnul
Zin
The Shining One

Shops:
D:4 =   D:7 *   D:8 =   D:11 (![*=

Annotations:
D:11 2 transporters, SaintRoka's ghost, novice GnWr
D:12 Erolcha


Innate Abilities, Weirdness & Mutations

You are resistant to torment.
Your stone body is resilient. (AC +8)
You are immune to poison.
You resist negative energy. (rN+)
You are resistant to electric shocks. (rElec)
You can survive without breathing.
You are immune to petrification.
You are immune to rotting.


Message History

The death knight is almost dead.
The death knight reflects your damage back at you!
You hit the death knight but do no damage.
The death knight is almost dead.
The death knight hits you with a +0 great sword!!
You hit the death knight but do no damage.
The death knight is almost dead.
You hit the death knight but do no damage.
The death knight is almost dead.
The death knight calls down the wrath of Yredelemnul upon you.
You easily resist.
You puncture the death knight! You burn the death knight.
You kill the death knight!
Your damage is reflected back at you!
You puncture Erolcha! You burn Erolcha.
Erolcha is severely wounded.
Erolcha points at you and mumbles some strange words.
The crystal spear hits you!!!
Ouch! That really hurt!
You die...

#................# , #.
######....##.#.#.###* *#.
#....#....'....... ,,#.
#....#....#...#.... , ##
###########'#....#..#**,..
#.
.................######...
#.
.................#W.......
,#.
.................OW.......
#.
................@#z.###...
*, ##
###....###########..###...
* * # #....#
##....[....... , , #....#
#......W...... ,* #....#
#.###W....)... ,, *
###....# #.#?#....##... ,
.......# #.###....# ..# ,
.......# #........# .# *
..>....# ##........ , ,


You could see Erolcha, a freezing wraith and a wraith.

Vanquished Creatures
  A death knight (D:12)
  An ogre mage (D:11)
  9 two-headed ogres
  A deep elf mage (D:12)
  A cyclops (D:12)
  2 ugly things
  A troll (D:9)
  A merfolk (D:12)
  4 hippogriffs
  The ghost of Lanoc the Insei, an amateur OpTm (D:4)
  A centaur simulacrum (D:12)
  Sigmund (D:2)
  A shadow (D:12)
  2 wyverns (D:10)
  5 yaks
  A hungry ghost (D:7)
  A water moccasin (Lair:1)
  4 ice beasts
  8 orc warriors
  4 black bears
  A phantom (D:11)
  3 sky beasts
  2 necrophages
  7 ogres
  10 centaurs
  A crocodile (D:8)
  A big kobold (D:7)
  11 bullfrogs
  Blork the orc (D:6)
  A gnoll sergeant (D:11)
  5 scorpions
  12 killer bees
  10 wights
  A howler monkey (D:4)
  2 bullfrog zombies
  3 centaur zombies
  5 crimson imps
  2 quasits
  10 hounds
  9 orc wizards
  3 centaur skeletons
  4 orc priests
  2 bullfrog skeletons
  4 jellies
  2 iguanas
  Natasha (thrice) (D:3)
  8 worker ants
  A hound zombie (D:11)
  A hound skeleton (D:9)
  Robin (D:2)
  19 adders
  7 gnolls
  5 river rats (Sewer)
  4 shadow imps
  3 oozes
  2 adder zombies (D:2)
  2 adder skeletons (D:4)
  7 worms
  2 dart slugs
  2 leopard geckos
  38 orcs
  A bat skeleton (D:2)
  2 bat zombies (D:2)
  9 giant cockroaches
  17 hobgoblins
  9 jackals
  A quokka (D:12)
  15 ball pythons
  12 bats
  3 frilled lizards
  13 goblins
  2 jackal zombies
  15 kobolds
  4 leopard gecko skeletons
  A quokka zombie (D:2)
  33 rats
404 creatures vanquished.

Notes
Turn   | Place    | Note
-------+----------+-------------------------------------------
     0 | D:1      | Borgoz the Gargoyle Gladiator began the quest for the Orb.
     0 | D:1      | Reached XP level 1. HP: 12/12 MP: 1/1
   110 | D:1      | Reached XP level 2. HP: 17/17 MP: 2/2
   508 | D:1      | Reached XP level 3. HP: 21/22 MP: 3/3
   687 | D:1      | Reached skill level 1 in Stealth
   909 | D:2      | Reached skill level 3 in Short Blades
   921 | D:2      | Found an ornate altar of the Wu Jian Council.
   976 | D:2      | Noticed Sigmund
  1014 | D:3      | Reached XP level 4. HP: 15/27 MP: 5/5
  1322 | D:3      | Found a blossoming altar of Fedhas.
  1446 | D:3      | Reached skill level 1 in Armour
  1819 | D:3      | Reached skill level 1 in Spellcasting
  1819 | D:3      | Reached XP level 5. HP: 7/31 MP: 6/6
  1832 | D:3      | HP: 1/31 [orc (3)]
  1995 | D:4      | Found a glowing drain.
  2092 | Sewer    | Entered a sewer
  2612 | Sewer    | Reached XP level 6. HP: 29/37 MP: 6/8
  2889 | D:4      | Reached skill level 4 in Short Blades
  2954 | D:4      | Reached XP level 7. HP: 41/41 MP: 9/9
  3031 | D:4      | Found a runed translucent door.
  3031 | D:4      | Noticed Lanoc's ghost (amateur OpTm)
  3064 | D:4      | Found Kyzonoi's Jewellery Shop.
  3718 | D:3      | Noticed Natasha
  3729 | D:3      | Killed Natasha
  3789 | D:3      | Noticed Natasha
  3801 | D:3      | Killed Natasha
  4123 | D:3      | Noticed Natasha
  4141 | D:3      | Killed Natasha
  4402 | D:2      | Noticed Robin
  4414 | D:2      | Killed Sigmund
  4414 | D:2      | Reached XP level 8. HP: 47/48 MP: 11/11
  4448 | D:2      | Killed Robin
  4718 | D:2      | Found a deep blue altar of Sif Muna.
  4867 | D:2      | Found a sparkling altar of Nemelex Xobeh.
  4984 | D:5      | Entered Level 5 of the Dungeon
  4996 | D:5      | Found a burning altar of Makhleb.
  5284 | D:6      | Found a shattered altar of Ashenzari.
  5370 | D:5      | Reached skill level 5 in Short Blades
  5422 | D:6      | Became a worshipper of Ashenzari the Shackled
  5623 | D:6      | Reached skill level 1 in Evocations
  5671 | D:6      | Reached skill level 5 in Dodging
  5671 | D:6      | Reached XP level 9. HP: 17/52 MP: 13/13
  6510 | D:6      | Noticed a moth of wrath
  6511 | D:6      | Noticed Blork the orc
  6513 | D:6      | Found a bloodstained altar of Trog.
  6542 | D:6      | Killed Blork the orc
  6793 | D:7      | Found Urizyfer's Assorted Antiques.
  7176 | D:7      | Reached skill level 6 in Short Blades
  7403 | D:7      | Reached skill level 5 in Fighting
  7474 | D:7      | Found a staircase to the Ecumenical Temple.
  7483 | Temple   | Entered the Ecumenical Temple
  7583 | D:7      | Reached * piety under Ashenzari
  8385 | D:8      | Found Qaofit Muisk's Jewellery Shop.
  8479 | D:8      | Reached skill level 5 in Stealth
  8486 | D:8      | Reached XP level 10. HP: 34/59 MP: 15/15
  9345 | D:9      | Found a staircase to the Lair.
  9398 | Lair:1   | Entered Level 1 of the Lair of Beasts
  9469 | Lair:1   | Reached skill level 5 in Armour
 10135 | D:9      | Found a glowing silver altar of Zin.
 10587 | D:4      | Killed Lanoc's ghost
 10587 | D:4      | Reached skill level 7 in Short Blades
 11246 | D:9      | Found a shadowy altar of Dithmenos.
 11490 | D:9      | Noticed a two-headed ogre
 11502 | D:9      | Killed a two-headed ogre
 11502 | D:9      | Reached skill level 5 in Throwing
 11795 | D:9      | Reached XP level 11. HP: 64/64 MP: 17/17
 11820 | D:9      | Noticed a two-headed ogre
 11838 | D:9      | Killed a two-headed ogre
 12077 | D:10     | Entered Level 10 of the Dungeon
 12150 | D:10     | Reached ** piety under Ashenzari
 12459 | D:11     | Found Qaihi's Distillery.
 12468 | D:11     | Found Qeyd Iqa's Antique Armour Emporium.
 12471 | D:11     | Bought 2 potions of heal wounds for 120 gold pieces
 12502 | D:11     | Bought a smoking ring mail for 252 gold pieces
 12510 | D:11     | Noticed a cyan ugly thing
 12541 | D:11     | Killed a cyan ugly thing
 12567 | D:11     | Identified the +9 ring mail of Symaxt {rF+ rC+ rCorr
                  | Stlth-} (You bought it in a shop on level 11 of the
                  | Dungeon)
 12678 | D:11     | Found a staircase to the Orcish Mines.
 12708 | D:11     | Found a transporter.
 12708 | D:11     | Noticed a two-headed ogre
 12712 | D:11     | Noticed SaintRoka's ghost (novice GnWr)
 12729 | D:11     | Found a transporter.
 12747 | D:11     | Found Muebae Jejo's Jewellery Shop.
 12813 | D:11     | Reached skill level 8 in Short Blades
 12858 | D:11     | Found Sufav's Assorted Antiques.
 12885 | D:11     | Found Orchoum's Antique Weapon Boutique.
 13171 | D:10     | Reached skill level 5 in Spellcasting
 13918 | D:12     | Noticed Erolcha
 13926 | D:12     | Noticed a two-headed ogre
 13949 | D:12     | Killed a two-headed ogre
 13955 | D:12     | HP: 1/67 [Erolcha/crystal spear (30)]
 14304 | D:12     | Noticed a two-headed ogre
 14304 | D:12     | Noticed a two-headed ogre
 14304 | D:12     | Noticed an ogre mage
 14304 | D:12     | Noticed a two-headed ogre
 14306 | D:12     | Noticed a two-headed ogre
 14320 | D:11     | Killed a two-headed ogre
 14320 | D:11     | Reached XP level 12. HP: 68/72 MP: 19/19
 14335 | D:12     | Noticed a two-headed ogre
 14335 | D:12     | Noticed a two-headed ogre
 14364 | D:11     | Killed a two-headed ogre
 14448 | D:11     | Killed a two-headed ogre
 14455 | D:11     | Killed a two-headed ogre
 14587 | D:11     | Killed an ogre mage
 14587 | D:11     | Reached skill level 5 in Evocations
 14602 | D:12     | Killed a two-headed ogre
 14602 | D:12     | Reached skill level 9 in Short Blades
 14614 | D:12     | Killed a two-headed ogre
 15326 | D:12     | Noticed a death knight
 15369 | D:12     | Killed a death knight
 15370 | D:12     | Killed from afar by Erolcha

Levels and vault maps discovered:
D:1:      dpeg_arrival_another_circle, layout_loops_ring
D:2:      layout_rooms, overflow_temple_1_default, lemuel_round_altar,
          nemelex_xobeh_ov_fountains_minmay, serial_undead, serial_undead_a,
          serial_undead_a, serial_undead_e, serial_undead_d, minmay_tripent,
          uniq_sigmund, uniq_robin
D:3:      layout_basic, old_standard_altar, minmay_misc_feat_x, uniq_natasha
D:4:      layout_loops_ring, hellmonk_ghost_happy_afterlife, first_ration,
          gup_sewer_entry_bowl, minmay_shop_enchanted_jewellery,
          hangedman_decor_growths, minmay_door_square
D:5:      old_forge, layout_loops_cross, lightli_temple_of_fire,
          minmay_misc_feat_enclosed
D:6:      layout_cave_pools, tgw_trog, basic_altar,
          chequers_serial_rivers_micro_b, uniq_blork_the_orc
D:7:      layout_basic, minmay_temple_entry_waves, serial_shops, shop
D:8:      layout_basic, serial_shops, shop
D:9:      minmay_angry_zag, layout_basic, nicolae_dithmenos_shadow_blocks,
          zin_statuary, lair_entry_dummy
D:10:     layout_gridville
D:11:     layout_cave_pools, orc_0_dummy, serial_shops, nicolae_shop_stone,
          kennysheep_mini_moat, shop, shop, kennysheep_mini,
          gammafunk_ghost_arena
D:12:     layout_gridville, serial_glass, glass_columns_a, glass_columns_b,
          item_on_display_a, hangedman_fish_farm, uniq_erolcha
Temple:   zaba_magenta_temple
Lair:1:   layout_cave_pods, grunt_megastairs_4, uniq_urug
Sewer:    sewer_minmay_w

Skill      XL: |  1  2  3  4  5  6  7  8  9 10 11 12 |
---------------+-------------------------------------+-----
Stealth        | 1 2 3 4 5 6 7 8 |  8.1
Short Blades   | 3 4 5 6 7 8 9 |  9.4
Throwing       | 2 3 4 5 |  5.2
Armour         | 1 2 3 4 5 6 7 |  7.4
Dodging        | 3 4 5 6 7 8 |  8.6
Spellcasting   | 1 2 3 4 5 |  5.9
Fighting       | 3 4 5 6 7 |  7.8
Evocations     | 1 2 3 4 5 |  5.0

Action                   |  1- 3 |  4- 6 |  7- 9 | 10-12 || total
-------------------------+-------+-------+-------+-------++-------
Melee: Rapier            |   123 |   266 |   828 |   743 ||  1960
       Short sword       |       |       |       |   600 ||   600
Throw: Throwing net      |       |       |     1 |     5 ||     6
Invok: Curse Item        |       |       |     1 |       ||     1
Evoke: Wand              |       |       |     6 |     6 ||    12
  Use: Potion            |     1 |     4 |     2 |     8 ||    15
       Scroll            |       |    11 |     5 |    10 ||    26
 Stab: Sleeping          |       |       |     4 |     4 ||     8
       Held in net/web   |       |       |       |     6 ||     6
       Distracted        |       |       |       |     2 ||     2
  Eat: Chunk             |       |     7 |    23 |    24 ||    54
       Ration            |       |       |     1 |       ||     1
Armor: Leather armour    |    40 |    54 |       |       ||    94
       Ring mail         |       |   190 |   430 |   474 ||  1094
       Troll leather arm |       |       |       |   172 ||   172
Dodge: Dodged            |   112 |   324 |   694 |  1136 ||  2266

Table legend:
 A = Non-vault XP
 B = Vault XP
 C = Vault XP percentage of total XP
 D = Non-vault monster count
 E = Vault monster count
 F = Vault count percentage of total count
                 A         B        C        D         E       F
            +---------+---------+-------+---------+---------+-------
      Total |   24942 |    2974 |  10.7 |     306 |      98 |  24.3
            +---------+---------+-------+---------+---------+-------
        D:1 |      43 |       0 |   0.0 |      24 |       0 |   0.0
        D:2 |      59 |     280 |  82.6 |      21 |      23 |  52.3
        D:3 |     202 |      32 |  13.7 |      26 |       1 |   3.7
        D:4 |     408 |     258 |  38.7 |      17 |       3 |  15.0
        D:5 |     474 |     199 |  29.6 |      21 |       9 |  30.0
        D:6 |    1146 |      98 |   7.9 |      24 |       6 |  20.0
        D:7 |     842 |       0 |   0.0 |      19 |       0 |   0.0
        D:8 |    1490 |       0 |   0.0 |      21 |       0 |   0.0
        D:9 |    2703 |    1297 |  32.4 |      34 |       6 |  15.0
       D:10 |    3180 |       0 |   0.0 |      42 |       0 |   0.0
       D:11 |    6810 |       0 |   0.0 |      31 |       0 |   0.0
       D:12 |    7173 |     305 |   4.1 |      24 |       1 |   4.0
     Lair:1 |     412 |     151 |  26.8 |       2 |       1 |  33.3
      Sewer |       0 |     354 | 100.0 |       0 |      48 | 100.0
            +---------+---------+-------+---------+---------+-------
